 Dungeon Crawl Stone Soup version 0.17-a0-1842-gacc33f2 (webtiles) character file.

103766 shakdrar the Brawler (level 15, -17/159 HPs)
             Began as a Troll Monk on Sept 16, 2015.
             Was an Elder of Lugonu.
             Killed from afar by a thorn hunter (36 damage)
             ... with a volley of thorns
             ... on level 1 of the Swamp on Sept 17, 2015.
             The game lasted 02:28:01 (30393 turns).

shakdrar the Brawler (Troll Monk)                  Turns: 30393, Time: 02:28:01

Health: -17/159    AC: 11    Str: 23      XL:     15   Next: 90%
Magic:  20/20      EV: 16    Int:  5 (6)  God:    Lugonu [****..]
Gold:   2806       SH:  0    Dex: 18 (19) Spells: 0 memorised, 14 levels left

rFire  + . .     SeeInvis +       - Unarmed
rCold  . . .     Clarity  +     V - +1 troll leather armour
rNeg   . . .     SustAt   .     (no shield)
rPois  .         Gourm    +     (helmet restricted)
rElec  .         Spirit   .     E - +2 cloak
rCorr  .         Warding  .     (gloves unavailable)
rMut   .         Stasis   .     (boots unavailable)
MR     +....                    o - amulet of clarity
Stlth  ++........               N - ring of flight
                                l - ring of see invisible

@: very slightly contaminated, hasted, very quick, somewhat resistant to hostile
enchantments, unstealthy
A: unfitting armour, claws 3, agile 1, fire resistance 1, fast metabolism 3,
gourmand, regeneration 2, shaggy fur 1, tough skin 2
a: Depart the Abyss, Bend Space, Banish, Corrupt, Renounce Religion, Evoke
Flight


You were on level 1 of the Swamp.
You worshipped Lugonu.
Lugonu was greatly pleased with you.
You were not hungry.

You visited 6 branches of the dungeon, and saw 31 of its levels.
You visited the Abyss 1 time.
You also visited: Ossuary and Volcano.

You collected 3255 gold pieces.
You spent 449 gold pieces at shops.

Inventory:

Hand weapons
 v - the +11 mace of the Skies Above {freeze, rElec rN+}
   (You found it on level 5 of the Dungeon)

   It has been specially enchanted to freeze those struck by it, causing extra
   injury to most foes and up to half again as much damage against particularly
   susceptible opponents.
   It can also slow down cold-blooded creatures.
   It insulates you from electricity.
   It protects you from negative energy.
 T - the +2 blowgun of the Forest {speed, rC+ MR- Str+3}
   (You bought it in a shop on level 4 of the Orcish Mines)

   Attacks with this weapon are significantly faster.
   It affects your strength (+3).
   It protects you from cold.
   It affects your resistance to hostile enchantments.
Missiles
 s - 48 poisoned needles
Armour
 E - a +2 cloak (worn)
 V - a +1 troll leather armour (worn)
Jewellery
 a - a +3 ring of protection
 g - an uncursed ring of positive energy
 h - the amulet of the Cast Vote {Stasis Str+4}
   (You found it on level 3 of the Lair of Beasts)

   [amulet of stasis]

   It prevents you from being teleported, slowed, hasted or paralysed.
   It affects your strength (+4).
 l - a ring of see invisible (left claw)
 n - an uncursed amulet of resist corrosion
 o - an amulet of clarity (around neck)
 N - a ring of flight (right claw)
Magical devices
 i - a wand of paralysis (22)
 j - a wand of fire (6)
 t - a wand of teleportation (5)
 y - a wand of hasting (4)
 A - a wand of invisibility (4)
 G - a wand of cold (0)
 J - a wand of confusion (12)
 L - a wand of digging (15)
 O - a wand of digging (8)
 S - a wand of draining (4)
 W - a wand of disintegration (2)
 Y - a wand of enslavement (9)
Scrolls
 e - 19 scrolls of remove curse
 k - 3 scrolls of fear
 u - a scroll of recharging
 K - 2 scrolls of magic mapping
 U - a scroll of teleportation
Potions
 p - 4 potions of haste
 q - 16 potions of curing
 w - 4 potions of might
 D - a potion of agility
 H - 2 potions of flight
 R - a potion of heal wounds
 X - 2 potions of resistance
 Z - a potion of berserk rage
Miscellaneous
 r - a crystal ball of energy
 F - a box of beasts
Comestibles
 b - 11 bread rations
 c - 3 beef jerkies
 f - 6 meat rations
 x - 3 fruits


   Skills:
 - Level 13.0 Fighting
 - Level 6.0 Throwing
 + Level 9.9 Dodging
 - Level 1.1 Stealth
 * Level 16.0 Unarmed Combat
 - Level 8.0 Invocations
 - Level 7.4 Evocations


You had 14 spell levels left.
You didn't know any spells.

Dungeon Overview and Level Annotations

Branches:
Dungeon (15/15)            Temple (1/1) D:7            Lair (8/8) D:10
  Swamp (1/4) Lair:5        Snake (0/4) Lair:6        Slime (0/6) Lair:6
    Orc (4/4) D:11            Elf (2/3) Orc:4        Vaults (0/5) D:13
 Depths: D:15

Altars:
Ashenzari
Cheibriados
Dithmenos
Elyvilon
Fedhas
Gozag
Kikubaaqudgha
Okawaru
Qazlal
Ru
Sif Muna
Trog
Vehumet
Xom
Yredelemnul
Zin
The Shining One
Beogh

Shops:
D:6 *   Orc:4 !=(*

Annotations:
Elf:2 exclusion: Roxanne, Roxanne


Innate Abilities, Weirdness & Mutations

You are too large for most types of armour.
You have claws for hands.
Your metabolism is lightning-fast.
You like to eat raw meat.
You heal very quickly.
You are covered in fur (AC +1).
You have very tough skin (AC +2).
You are agile. (Dex +2)
Your flesh is heat resistant.


Message History

The thorn hunter hits you but does no damage.
The thorn hunter completely misses you.
You closely miss the thorn hunter. You claw the thorn hunter.
The thorn hunter is moderately damaged.
You claw the thorn hunter! x2
The thorn hunter is severely damaged.
The thorn hunter fires a volley of thorns at you.
The volley of thorns hits you!
* * * LOW HITPOINT WARNING * * *
Read which item? (? for menu, Esc to quit)
Okay, then.
Evoke which item? (* to show all) (? for menu, Esc to quit)
Zapping:
y - a wand of hasting (5)
Press: ? - help, Shift-Dir - straight line, f - you You feel yourself speed up.
You are very lightly contaminated with residual magic.
This wand has 4 charges left.
The thorn hunter fires a volley of thorns at you.
The volley of thorns hits you!
You die...

♣≈≈≈≈≈.♣♣
≈.≈♣.≈≈≈...♣
...≈.......≈♣♣
§≈≈≈.≈≈≈≈≈.≈.♣
≈≈≈..≈♣≈...♣ ♣.
≈≈≈...≈≈≈.♣
♣♣.≈≈.≈≈≈)≈....♣
♣..≈≈.≈≈♣≈≈....♣
♣♣............f@♣
♣.≈≈♣≈♣♣♣♣♣♣.≈≈.♣
♣♣≈≈≈≈≈♣......≈≈.♣
♣≈≈≈♣≈≈..♣≈≈≈≈...♣
♣.≈≈≈≈≈≈..♣≈≈...≈♣
...≈≈..≈≈≈≈>.....♣
.≈≈♣≈≈.♣♣.≈.≈...≈♣
.≈≈≈>≈≈≈≈.≈≈≈≈♣..≈♣
♣♣≈≈.≈≈≈≈≈≈≈≈≈≈≈≈≈♣


You could see a thorn hunter.

Vanquished Creatures
  Louise (D:14)
  A stone giant (Orc:4)
  Nessos (D:14)
  4 dire elephants (Lair:8)
  The ghost of PeterLawrence the Basher, a powerful MiFi of Okawaru (Lair:3)
  Erolcha (D:9)
  A catoblepas (Lair:8)
  An anaconda (Lair:8)
  5 hydras
  A centaur warrior (D:12)
  4 dancing weapons
  2 tengu warriors
  An alligator (shapeshifter) (Elf:2)
  3 orc high priests (Orc:4)
  4 skeletal warriors (D:14)
  4 deep elf knights
  A swamp dragon (Swamp:1)
  5 deep elf summoners
  5 hill giants
  A shambling mangrove (Swamp:1)
  6 deep elf conjurers
  5 orc sorcerers
  2 griffons
  An ugly thing (D:13)
  A manticore (D:12)
  5 orc knights
  15 elephants
  Maurice (D:9)
  Joseph (D:9)
  5 black mambas
  10 komodo dragons
  16 spiny frogs
  A centaur skeleton (D:14)
  3 fire drakes
  5 deep elf priests
  A two-headed ogre (Lair:1)
  2 trolls
  The ghost of dadoka the Covert, an average NaAs (D:3)
  8 blink frogs
  A harpy skeleton (D:14)
  2 giant leeches (Swamp:1)
  A boulder beetle (Lair:8)
  3 bog bodies (Swamp:1)
  A raiju (shapeshifter) (Elf:2)
  A spriggan (Swamp:1)
  2 shadows
  A centaur simulacrum (D:12)
  A tarantella (shapeshifter) (D:14)
  8 deep elf fighters
  10 fire bats (Volcano)
  14 deep elf magi
  A hungry ghost (D:10)
  4 vampire mosquitoes (Swamp:1)
  26 yaks
  4 wyverns
  A vampire (D:14)
  2 basilisks
  A steam dragon (D:10)
  13 hippogriffs
  3 wargs
  Edmund (D:5)
  A swamp worm (Swamp:1)
  22 wolves
  15 water moccasins
  10 porcupines
  3 black bears
  Duvessa (D:5)
  4 wasps
  Purgy (D:3)
  An ice beast (D:5)
  3 phantoms
  2 swamp drakes (Swamp:1)
  10 ogres
  23 orc warriors
  An eye of draining (D:12)
  A sky beast (D:11)
  17 centaurs
  An ogre (shapeshifter) (Elf:2)
  25 crocodiles
  An elf zombie (Ossuary)
  3 big kobolds
  A brain worm (D:12)
  15 giant frogs
  Dowan (D:5)
  3 scorpions
  A water moccasin skeleton (D:10)
  3 electric eels
  6 killer bees (D:8)
  4 giant frog zombies
  A wasp zombie (D:10)
  5 crimson imps
  2 quasits
  4 centaur zombies
  3 jellies
  A giant frog skeleton (D:9)
  16 hounds
  20 orc priests
  28 orc wizards
  A gnoll shaman (D:4)
  5 iguanas
  8 worker ants
  A killer bee zombie (D:4)
  19 sheep
  2 big kobold zombies (Ossuary)
  4 hound skeletons
  3 mummies (Ossuary)
  Robin (D:3)
  10 gnolls
  73 river rats
  3 shadow imps
  10 adders
  2 adder skeletons
  5 adder zombies (Ossuary)
  7 worms
  9 giant geckos
  166 orcs
  A ball python (D:4)
  8 bats
  6 giant cockroaches
  14 goblins
  8 hobgoblins
  4 jackals (D:1)
  15 kobolds
  A giant gecko zombie (D:7)
  4 giant newts
  3 goblin zombies (Ossuary)
  A hobgoblin zombie (Ossuary)
  10 quokkas
  2 quokka skeletons
  3 quokka zombies (Ossuary)
  9 rats
  3 rat zombies (Ossuary)
  11 plants
928 creatures vanquished.

Vanquished Creatures (others)
  An orc (Orc:4)
  2 bushes (Lair:8)
  16 fungi
  6 plants (Lair:8)
25 creatures vanquished.

Grand Total: 953 creatures vanquished

Notes
Turn   | Place    | Note
--------------------------------------------------------------
     0 | D:1      | shakdrar the Troll Monk began the quest for the Orb.
     0 | D:1      | Reached XP level 1. HP: 22/22 MP: 0/0
   163 | D:1      | Reached XP level 2. HP: 25/29 MP: 1/1
   497 | D:1      | Reached skill level 5 in Unarmed Combat
   540 | D:1      | Reached XP level 3. HP: 34/36 MP: 2/2
   915 | D:2      | Found a white marble altar of Elyvilon.
  1545 | D:2      | Reached XP level 4. HP: 44/44 MP: 3/3
  1809 | D:3      | Found a blossoming altar of Fedhas.
  1810 | D:3      | Found an ancient bone altar of Kikubaaqudgha.
  2090 | D:3      | Noticed dadoka's ghost (average NaAs)
  2112 | D:3      | Killed dadoka's ghost
  2112 | D:3      | Reached skill level 7 in Unarmed Combat
  2112 | D:3      | Reached XP level 5. HP: 37/50 MP: 4/4
  2112 | D:3      | Reached XP level 6. HP: 43/59 MP: 5/5
  2378 | D:3      | Noticed Robin
  2405 | D:3      | Killed Robin
  2583 | D:3      | Found an iron altar of Okawaru.
  2590 | D:3      | Found a deep blue altar of Sif Muna.
  2766 | D:4      | Noticed Purgy
  2809 | D:3      | Killed Purgy
  2809 | D:3      | Reached skill level 8 in Unarmed Combat
  3011 | D:4      | Found a stormy altar of Qazlal.
  3076 | D:4      | Reached XP level 7. HP: 61/66 MP: 6/6
  3188 | D:4      | Reached skill level 9 in Unarmed Combat
  3716 | D:5      | Entered Level 5 of the Dungeon
  3936 | D:5      | Got a warped mace
  3937 | D:5      | Identified the +11 mace of the Skies Above {freeze, rElec rN+} (You found it on level 5 of the Dungeon)
  3981 | D:5      | Reached skill level 10 in Unarmed Combat
  3981 | D:5      | Reached XP level 8. HP: 25/74 MP: 7/7
  4240 | D:5      | Noticed Dowan
  4241 | D:5      | Noticed Duvessa
  4246 | D:5      | Killed Dowan
  4255 | D:5      | Killed Duvessa
  4348 | D:5      | Noticed Edmund
  4359 | D:5      | Killed Edmund
  4819 | D:6      | Reached skill level 5 in Fighting
  5112 | D:6      | Found Ischiw's Assorted Antiques.
  5115 | D:6      | Bought a scroll labeled JEMNINEUDO for 28 gold pieces
  5665 | D:7      | Reached XP level 9. HP: 63/89 MP: 8/8
  5712 | D:7      | Got a translucent long sword
  5715 | D:7      | Found a staircase to the Ecumenical Temple.
  5734 | Temple   | Entered the Ecumenical Temple
  5879 | D:7      | Found a sand-covered staircase.
  5892 | Ossuary  | Entered an ossuary
  6295 | D:7      | Found a snail-covered altar of Cheibriados.
  6704 | D:8      | Found a shimmering altar of Xom.
  7189 | D:8      | Reached skill level 1 in Evocations
  7396 | D:9      | Found a shattered altar of Ashenzari.
  7438 | D:9      | Noticed Joseph
  7449 | D:9      | Killed Joseph
  7553 | D:9      | Found a roughly hewn altar of Beogh.
  7564 | D:9      | Reached XP level 10. HP: 73/104 MP: 11/11
  7785 | D:9      | Noticed Erolcha
  7792 | D:9      | Paralysed by Erolcha for 3 turns
  7798 | D:9      | Killed Erolcha
  7798 | D:9      | Reached skill level 5 in Evocations
  7806 | D:9      | Found a shadowy altar of Dithmenos.
  7939 | D:9      | Noticed Maurice
  7947 | D:9      | Killed Maurice
  8586 | D:10     | Entered Level 10 of the Dungeon
  8832 | D:10     | Noticed a hill giant
  8843 | D:10     | Killed a hill giant
  9061 | D:10     | Noticed a hill giant
  9087 | D:10     | Killed a hill giant
  9147 | D:10     | Reached XP level 11. HP: 104/111 MP: 15/15
  9228 | D:10     | Found a staircase to the Lair.
  9878 | D:11     | Found a staircase to the Orcish Mines.
  9894 | D:11     | Reached skill level 5 in Dodging
 10482 | D:12     | Noticed a centaur warrior
 10486 | D:12     | Killed a centaur warrior
 10772 | D:12     | Noticed a hill giant
 10783 | D:12     | Killed a hill giant
 11088 | Lair:1   | Entered Level 1 of the Lair of Beasts
 11495 | Lair:1   | Identified the +9 long sword of the Median {antimagic, rElec Str+5 Dex-3} (You found it on level 7 of the Dungeon)
 11940 | Lair:1   | Reached skill level 11 in Unarmed Combat
 12385 | Lair:2   | Reached XP level 12. HP: 122/122 MP: 16/16
 12595 | Lair:2   | Gained mutation: You are agile. (Dex +2) [potion of mutation]
 12595 | Lair:2   | Gained mutation: Your flesh is heat resistant. [potion of mutation]
 12773 | Lair:2   | Reached skill level 10 in Fighting
 12773 | Lair:2   | Reached skill level 5 in Throwing
 12773 | Lair:2   | Reached XP level 13. HP: 124/133 MP: 17/17
 13401 | Lair:3   | Noticed PeterLawrence's ghost (powerful MiFi)
 13410 | Lair:3   | Got a scintillating platinum amulet
 13490 | Lair:3   | Reached skill level 12 in Unarmed Combat
 13634 | Lair:3   | Identified the amulet of the Cast Vote {Stasis Str+4} (You found it on level 3 of the Lair of Beasts)
 13857 | Lair:3   | Killed PeterLawrence's ghost
 14039 | Lair:3   | Identified a scroll of acquirement
 14831 | Lair:4   | Reached skill level 13 in Unarmed Combat
 16137 | Lair:5   | Found a staircase to the Swamp.
 16162 | Lair:5   | Found a dark tunnel.
 16174 | Volcano  | Entered a volcano
 16186 | Volcano  | Reached skill level 14 in Unarmed Combat
 16758 | Lair:6   | Found a staircase to the Snake Pit.
 16785 | Lair:6   | Reached XP level 14. HP: 105/144 MP: 18/18
 16830 | Lair:6   | Found a staircase to the Slime Pits.
 17472 | Lair:7   | Reached skill level 15 in Unarmed Combat
 17937 | Lair:7   | Upgraded the game from 0.17-a0-1840-g87820a2 to 0.17-a0-1842-gacc33f2
 18541 | Lair:8   | Entered Level 8 of the Lair of Beasts
 21728 | Orc:1    | Entered Level 1 of the Orcish Mines
 22095 | Orc:2    | Found a roughly hewn altar of Beogh.
 23033 | Orc:4    | Entered Level 4 of the Orcish Mines
 23308 | Orc:4    | Found a staircase to the Elven Halls.
 23353 | Orc:4    | Found a shimmering altar of Xom.
 24084 | D:13     | Reached XP level 15. HP: 120/159 MP: 19/19
 24512 | D:13     | Found a gate to the Vaults.
 24650 | D:14     | Found an iron altar of Okawaru.
 24657 | D:14     | Got a jewelled hand axe
 24852 | D:14     | Noticed Louise
 24868 | D:14     | Cast into the Abyss (Louise)
 24870 | Abyss:1  | Found a corrupted altar of Lugonu.
 24898 | Abyss:1  | Became a worshipper of Lugonu the Unformed
 24898 | Abyss:1  | Acquired Lugonu's first power
 24898 | Abyss:1  | Acquired Lugonu's second power
 24900 | D:14     | Escaped the Abyss
 24917 | D:14     | Killed Louise
 25372 | D:14     | Noticed Nessos
 25382 | D:14     | Killed Nessos
 25731 | D:15     | Entered Level 15 of the Dungeon
 26125 | Orc:4    | Acquired Lugonu's third power
 26180 | Orc:4    | Found Meenkew's Assorted Antiques.
 26180 | Orc:4    | Found Yppusmua's Distillery.
 26186 | Orc:4    | Reached skill level 1 in Invocations
 27095 | Orc:4    | Acquired Lugonu's fourth power
 27115 | Orc:4    | Found Miskask's Jewellery Emporium.
 27115 | Orc:4    | Found Geulauta's Antique Weapon Shop.
 27123 | Orc:4    | Bought a cursed -2 ring of evasion for 24 gold pieces
 27125 | Orc:4    | Bought a transparent blowgun for 232 gold pieces
 27125 | Orc:4    | Identified the +2 blowgun of the Forest {speed, rC+ MR- Str+3} (You bought it in a shop on level 4 of the Orcish Mines)
 27130 | Orc:4    | Bought a potion of heal wounds for 165 gold pieces
 27235 | Elf:1    | Entered Level 1 of the Elven Halls
 28195 | Elf:2    | Reached skill level 5 in Invocations
 28551 | Elf:2    | Noticed an azure jelly
 28551 | Elf:2    | an azure jelly changed into a dire elephant
 28563 | Elf:2    | Noticed a storm dragon
 28573 | Elf:2    | a storm dragon changed into an entropy weaver
 28758 | Elf:2    | Noticed Roxanne
 28991 | Elf:2    | Found a runed gate.
 28991 | Elf:2    | Found a runed gate.
 28992 | Elf:2    | Found a runed gate.
 29055 | Elf:2    | Noticed a deep elf blademaster
 29080 | Elf:2    | HP: 6/159 [spatial distortion (2)]
 29100 | Elf:2    | HP: 4/159 [deep elf blademaster/short sword (20)]
 29580 | Temple   | Identified the cursed +3 hand axe "Vaomaodd" {speed, *Corrode rN+ Dex+2} (You found it on level 14 of the Dungeon)
 29984 | Swamp:1  | Entered Level 1 of the Swamp
 30367 | Swamp:1  | Noticed a thorn hunter
 30382 | Swamp:1  | Reached skill level 16 in Unarmed Combat
 30393 | Swamp:1  | Killed from afar by a thorn hunter

Vault maps used:
D:1:      dpeg_arrival_round_b, minmay_misc_feat_five
D:2:      nicolae_overflow_hidden_temple, overflow_temple_1_default
D:3:      grunt_temple_overflow_growth_and_decay, minitemple,
          kennysheep_generic_room_6, uniq_robin
D:4:      grunt_qazlal_clouds, uniq_purgy
D:5:      first_bread, uniq_edmund, uniq_duvessa
D:6:      serial_shops, shop, minivault_11, kennysheep_generic_room_4
D:7:      cheibrodos_worm_habitat, enter_ossuary_1, solitary_fountain,
          sigmund_army
D:8:      basic_altar
D:9:      ashenzari_altar_1, nicolae_dithmenos_through_a_glass_darkly,
          special_room, uniq_joseph, uniq_maurice, uniq_erolcha
D:10:     lair_0_dummy, grunt_ministairs_9
D:11:     orc_david_3, grunt_ministairs_1
D:13:     erik_vaults_1
D:14:     okawaru_ov_weapons_minmay, uniq_louise, uniq_nessos
D:15:     hangedman_depths_entry_try_elsewhere_first, minmay_misc_feat_tiny,
          st_stairs_7, minmay_misc_feat_nine_boxes, uniq_kirke, uniq_urug
Temple:   zaba_magenta_temple_8
Lair:1:   st_stairs_3, beast_lair_carwin_6
Lair:3:   nicolae_lair_grove_arrangements
Lair:4:   serial_bayou_pond_c, serial_bayou_shore_b
Lair:5:   swamp_mist, enter_volcano_2, st_stairs_4
Lair:6:   guppyfry_snake_entry_island, slime_dummy
Lair:8:   due_jungle_book, dpeg_stationary_puzzle
Swamp:1:  evilmike_swamp_ruin_rubble_1, swamp_pool1
Orc:2:    nicolae_orc_accident_2, mines4_lemuel
Orc:3:    nicolae_orc_pool_cavern, minmay_orc_keep
Orc:4:    grunt_orc_tribal_feast, basic_altar, nicolae_orc_rockfall
Elf:1:    eino_elf_arrival_customs, evilmike_minifort
Elf:2:    nicolae_elf_v_pinch, nicolae_elf_stone_circles, uniq_roxanne
Ossuary:  ossuary_minmay_chase
Volcano:  volcano_caves

Action                   |  1- 3 |  4- 6 |  7- 9 | 10-12 | 13-15 || total
-------------------------+-------+-------+-------+-------+-------++-------
Melee: Unarmed           |    76 |   110 |   361 |   585 |  1816 ||  2948
Invok: Bend Space        |       |       |       |       |     2 ||     2
       Banish            |       |       |       |       |     2 ||     2
       Depart the Abyss  |       |       |       |       |     1 ||     1
 Abil: Evoke Flight      |       |       |       |       |     2 ||     2
Evoke: Wand              |       |       |       |       |    50 ||    50
  Use: Scroll            |     3 |     6 |    10 |     7 |    27 ||    53
       Potion            |     2 |     2 |     6 |     2 |     7 ||    19
 Stab: Sleeping          |     3 |       |     2 |     5 |    10 ||    20
       Distracted        |       |       |       |     1 |     1 ||     2
       Paralysed         |       |       |       |       |     2 ||     2
       Confused          |       |       |       |       |     1 ||     1
  Eat: Chunk             |    17 |     9 |    38 |    46 |   129 ||   239
       Bread ration      |       |       |     2 |     1 |     1 ||     4
       Beef jerky        |       |       |       |     1 |     4 ||     5
       Royal jelly       |       |       |       |       |     1 ||     1
       Meat ration       |       |       |       |       |     3 ||     3
       Pizza             |       |       |       |       |     2 ||     2
